 Dungeon Sprint DCSS version 0.30.0-29-ga12c61a403 (webtiles) character file.

Game seed: 9575861359897057377

17316 boopmooplesden the Warrior (level 12, -24/128 HPs)
             Began as a Minotaur Fighter on June 19, 2023.
             Was the Champion of Trog.
             Annihilated by an orc knight
             ... wielding a +1 great mace of protection
              (26 damage)
             ... in the Dungeon (Sprint VII: "The Pits").
             The game lasted 00:06:05 (1957 turns).

boopmooplesden the Warrior (Minotaur Fighter)       Turns: 1957, Time: 00:06:05

Health: -24/128    AC: 24    Str: 23    XL:     12   Next: 17%
Magic:  11/11      EV: 10    Int:  5    God:    Trog [******]
Gold:   0          SH:  0    Dex: 13    Spells: 11/11 levels left

rFire   . . .        u - +12 pair of quick blades "Gyre" and "Gimble" {protect}
rCold   . . .        (shield currently unavailable)
rNeg    . . .        n - +2 plate armour
rPois   .            w - +1 hat
rElec   .            (no cloak)
rCorr   .            (no gloves)
SInv    .            (no boots)
Will    .....        (no amulet) Stlth
                     r - +3 ring of protection
HPRegen 0.41/turn    s - +3 ring of evasion
MPRegen 0.12/turn

%: no teleportation
@: confused, on berserk cooldown, slowed, constricted, very slow
A: horns 2, retaliatory headbutt
a: Renounce Religion, Berserk, Trog's Hand, Brothers in Arms


You were in the Dungeon.
You worshipped Trog.
Trog was exalted by your worship.
You visited 1 branch

Inventory:

Hand Weapons
 a - a +0 flail
 k - a +2 mace
 o - a +1 flail of protection
 p - a +6 heavy great mace
 q - a +3 morningstar of flaming
 t - the +4 quarterstaff of Profit {drain, Will- Dex+3 SInv}
   (You found it in the Dungeon)

   Dex:       It affects your dexterity (+3).
   SInv:      It lets you see invisible.
   Will:      It decreases your willpower.
 u - the +12 pair of quick blades "Gyre" and "Gimble" (weapon) {protect}
   (You found it in the Dungeon)
Armour
 b - a +0 scale mail
 c - a +0 buckler
 n - a +2 plate armour (worn)
 w - a +1 hat (worn)
Jewellery
 r - a +3 ring of protection (left hand)
 s - a +3 ring of evasion (right hand)
Scrolls
 j - a scroll of blinking
 m - a scroll of butterflies
Potions
 d - a potion of might
 e - 6 potions of curing
 f - 3 potions of heal wounds
 g - 2 potions of haste
 h - 4 potions of magic
 i - 6 potions of berserk rage
 l - 2 potions of invisibility
 v - a potion of mutation {unknown}


   Skills:
 + Level 18.3 Fighting
 + Level 16.2 Short Blades
 + Level 16.3 Maces & Flails
 + Level 17.6 Armour
 + Level 6.6 Dodging
 + Level 2.5 Stealth
 + Level 13.3 Shields


You had 11 spell levels left.
You didn't know any spells.
Your spell library was empty.

Dungeon Overview and Level Annotations

Branches:
Dungeon (1/1)

Altars:
Ashenzari
Cheibriados
Dithmenos
Elyvilon
Fedhas
Gozag
Hepliaklqana
Kikubaaqudgha
Makhleb
Nemelex Xobeh
Okawaru
Qazlal
Ru
Sif Muna
Trog
Uskayaw
Vehumet
Wu Jian
Xom
Yredelemnul
Zin
The Shining One
Jiyva
Lugonu


Innate Abilities, Weirdness & Mutations

You have a pair of horns on your head.
You reflexively headbutt those who attack you in melee.


Message History

The orc knight hits you but does no damage.
The orc warrior hits you with a +0 battleaxe.
* * * LOW HITPOINT WARNING * * *
You hit the orc knight but do no damage.
You barely miss the orc knight.
You feel much better.
The orc priest mumbles some strange prayers to Beogh against you.
Beogh smites you!
* * * LOW HITPOINT WARNING * * *
The orc warrior barely misses you.
The orc knight hits you with a +1 great mace of protection!!
* * * LOW HITPOINT WARNING * * *
Something hits you but does no damage. The orc warrior closely misses you.
You furiously retaliate!
You headbutt the orc warrior. Something hits you but does no damage.
The orc knight barely misses you.
You feel much better.
You hear some strange, mumbled words.
You are confused.
The orc warrior misses you.
The orc knight hits you but does no damage.
The ball python skeleton bites you but does no damage.
The ball python skeleton grabs you.
The ball python skeleton constricts you.
You feel much better.
The orc warrior hits you with a +0 battleaxe!
* * * LOW HITPOINT WARNING * * *
The orc priest calls upon Beogh to heal the orc knight.
The orc knight is healed somewhat.
Something hits you but does no damage.
The orc knight hits you with a +1 great mace of protection!!
* * * LOW HITPOINT WARNING * * *
The ball python skeleton barely misses you.
The ball python skeleton constricts you.
The ball python skeleton bites you but does no damage.
The ball python skeleton constricts you.
The orc warrior hits you with a +0 battleaxe.
* * * LOW HITPOINT WARNING * * *
Something hits you.
* * * LOW HITPOINT WARNING * * *
The orc knight hits you with a +1 great mace of protection!!
You die...

.##.))..##....##..#.#
..###.)..#....#.....#
....###)###..##.#.#.#
.#...#....#..#).....#
.....+...)'.)))))...+
.#...#....#.)#)o....#
....###.###..##Y#o#.#
..###)...#....#oo)..#
.##.....##....##@Z#.#
.+.....##......##....#
.+...###........###....#
##### ########## #####


You could see an orc knight (strong), an orc warrior (strong), a dream sheep, an
orc priest (strong), an orc (strong) and a ball python skeleton.

Vanquished Creatures
  A death cob (D)
  Gastronok (D)
  A yellow draconian (D)
  Josephine (D)
  A hydra (D)
  An orc high priest (D)
  5 death yaks (D)
  Sonja (D)
  A bog body (D)
  An orc knight (D)
  A lindwurm (D)
  An orc sorcerer (D)
  A manticore (D)
  A cyclops (D)
  A merfolk siren (D)
  A molten gargoyle (D)
  An efreet (D)
  A kobold demonologist (D)
  2 trolls (D)
  2 tyrant leeches (D)
  4 dream sheep (D)
  5 yaks (D)
  4 wraiths (D)
  A ynoxinul (D)
  A basilisk (D)
  A redback (D)
  4 vampire mosquitoes (D)
  An acid dragon (D)
  A warg (D)
  2 floating eyes (D)
  A water moccasin (D)
  A black bear (D)
  4 orc warriors (D)
  An ogre (D)
  4 wolves (D)
  A centaur (D)
  2 bullfrogs (D)
  2 quasits (D)
  A jelly (D)
  An orc priest (D)
  An iguana (D)
  3 orc wizards (D)
  A gnoll (D)
  An adder (D)
  2 adder zombies (D)
  9 orcs (D)
  A bat zombie (D)
  An endoplasm (D)
  2 giant cockroaches (D)
  A goblin (D)
  6 jackals (D)
  3 kobolds (D)
  A ball python skeleton (D)
  A ball python zombie (D)
  2 frilled lizards (D)
  3 rats (D)
106 creatures vanquished.

Notes
Turn   | Place    | Note
-------+----------+-------------------------------------------
     0 | D        | boopmooplesden the Minotaur Fighter began the quest for the
                  | Orb.
     0 | D        | Reached XP level 1. HP: 19/19 MP: 0/0
    15 | D        | Reached skill level 4 in Fighting
    19 | D        | Found a bloodstained altar of Trog.
    19 | D        | Found a shimmering blue altar of Sif Muna.
    19 | D        | Found a viscous altar of Jiyva.
    19 | D        | Found a hazy altar of Hepliaklqana.
    19 | D        | Found an opulent altar of Gozag.
    20 | D        | Found a glowing golden altar of the Shining One.
    20 | D        | Found a glowing silver altar of Zin.
    20 | D        | Found a basalt altar of Yredelemnul.
    20 | D        | Found a shimmering altar of Xom.
    20 | D        | Found an ornate altar of the Wu Jian Council.
    20 | D        | Found a sacrificial altar of Ru.
    20 | D        | Found a stormy altar of Qazlal.
    20 | D        | Found an iron altar of Okawaru.
    20 | D        | Found a sparkling altar of Nemelex Xobeh.
    20 | D        | Found a burning altar of Makhleb.
    20 | D        | Found a blossoming altar of Fedhas.
    20 | D        | Found a white marble altar of Elyvilon.
    20 | D        | Found a shadowy altar of Dithmenos.
    20 | D        | Found a snail-covered altar of Cheibriados.
    21 | D        | Found a radiant altar of Vehumet.
    21 | D        | Found a corrupted altar of Lugonu.
    22 | D        | Found an ancient bone altar of Kikubaaqudgha.
    22 | D        | Found a hide-covered altar of Uskayaw.
    22 | D        | Found a broken altar of Ashenzari.
    25 | D        | Became a worshipper of Trog the Wrathful
    66 | D        | Reached XP level 2. HP: 24/28 MP: 1/1
   181 | D        | Noticed a floating eye
   181 | D        | Noticed a floating eye
   182 | D        | Paralysed by a floating eye for 4 turns
   186 | D        | Killed a floating eye
   186 | D        | Reached * piety under Trog
   187 | D        | Reached skill level 6 in Fighting
   187 | D        | Reached XP level 3. HP: 38/38 MP: 2/2
   187 | D        | Reached XP level 4. HP: 45/45 MP: 3/3
   189 | D        | Killed a floating eye
   190 | D        | Reached skill level 8 in Fighting
   190 | D        | Reached skill level 5 in Maces & Flails
   190 | D        | Reached XP level 5. HP: 53/53 MP: 4/4
   202 | D        | Reached ** piety under Trog
   215 | D        | Reached *** piety under Trog
   285 | D        | Noticed a black bear
   289 | D        | Noticed a water moccasin
   290 | D        | Reached **** piety under Trog
   295 | D        | Reached XP level 6. HP: 62/62 MP: 5/5
   301 | D        | Killed a water moccasin
   302 | D        | Reached skill level 9 in Fighting
   302 | D        | Reached skill level 1 in Dodging
   310 | D        | Reached ***** piety under Trog
   311 | D        | Reached skill level 10 in Shields
   332 | D        | Noticed an acid dragon
   342 | D        | Killed an acid dragon
   343 | D        | Reached skill level 10 in Armour
   343 | D        | Reached XP level 7. HP: 15/71 MP: 6/6
   626 | D        | Received a gift from Trog
   845 | D        | Noticed a bog body
   854 | D        | HP: 3/106 [bog body (28)]
   856 | D        | Killed a bog body
   857 | D        | Reached skill level 10 in Fighting
   857 | D        | Reached XP level 8. HP: 5/81 MP: 7/7
  1178 | D        | Received a gift from Trog
  1184 | D        | Found the +12 pair of quick blades "Gyre" and "Gimble"
                  | {protect}
  1212 | D        | Got the +4 quarterstaff of Profit {drain, Will- Dex+3 SInv}
  1281 | D        | Noticed an orc knight
  1281 | D        | Noticed a troll
  1285 | D        | Noticed a troll
  1285 | D        | Killed a troll
  1286 | D        | Reached skill level 11 in Fighting
  1286 | D        | Reached skill level 1 in Short Blades
  1293 | D        | Killed an orc knight
  1302 | D        | Received a gift from Trog
  1303 | D        | Reached XP level 9. HP: 90/90 MP: 8/8
  1303 | D        | Killed a troll
  1304 | D        | Reached skill level 12 in Fighting
  1304 | D        | Reached skill level 5 in Dodging
  1347 | D        | Noticed Josephine
  1348 | D        | Noticed a death yak
  1349 | D        | Noticed a cyclops
  1353 | D        | Noticed a kobold demonologist
  1355 | D        | Killed Josephine
  1356 | D        | Reached skill level 5 in Short Blades
  1362 | D        | Killed a death yak
  1363 | D        | Reached skill level 13 in Fighting
  1370 | D        | Reached XP level 10. HP: 101/101 MP: 9/9
  1375 | D        | Reached ****** piety under Trog
  1377 | D        | Killed a cyclops
  1378 | D        | Reached skill level 15 in Maces & Flails
  1378 | D        | Reached skill level 1 in Stealth
  1381 | D        | Received a gift from Trog
  1383 | D        | Reached skill level 14 in Fighting
  1396 | D        | Received a gift from Trog
  1438 | D        | Noticed Gastronok
  1438 | D        | Noticed Sonja
  1440 | D        | Noticed a manticore
  1450 | D        | Killed Gastronok
  1451 | D        | Reached skill level 10 in Short Blades
  1456 | D        | Killed a manticore
  1481 | D        | Killed Sonja
  1482 | D        | Reached skill level 15 in Fighting
  1519 | D        | Noticed a merfolk siren
  1529 | D        | Received a gift from Trog
  1530 | D        | Noticed an orc high priest
  1536 | D        | Killed a merfolk siren
  1537 | D        | Reached XP level 11. HP: 110/112 MP: 10/10
  1544 | D        | Noticed an orc sorcerer
  1545 | D        | Noticed a sixfirhy
  1547 | D        | Killed an orc high priest
  1547 | D        | Received a gift from Trog
  1552 | D        | Reached skill level 15 in Armour
  1552 | D        | Paralysed by an orc sorcerer for 4 turns
  1559 | D        | Killed an orc sorcerer
  1562 | D        | Noticed a lindwurm
  1564 | D        | Received a gift from Trog
  1574 | D        | Killed a lindwurm
  1637 | D        | Reached skill level 16 in Fighting
  1805 | D        | Noticed a death cob
  1811 | D        | Killed a death cob
  1818 | D        | Received a gift from Trog
  1861 | D        | Noticed a yellow draconian
  1861 | D        | Noticed a death yak
  1861 | D        | Noticed a death yak
  1861 | D        | Noticed a death yak
  1861 | D        | Noticed a death yak
  1861 | D        | Noticed a seven-headed hydra
  1867 | D        | Noticed an orc knight
  1867 | D        | Noticed an orc knight
  1877 | D        | Killed a death yak
  1877 | D        | Received a gift from Trog
  1881 | D        | Reached skill level 17 in Fighting
  1885 | D        | Killed a death yak
  1894 | D        | Killed a yellow draconian
  1895 | D        | Reached skill level 15 in Short Blades
  1908 | D        | Killed a seven-headed hydra
  1908 | D        | Received a gift from Trog
  1908 | D        | Found the +7 Spriggan's Knife {stab, EV+4 Stlth+}
  1909 | D        | Reached XP level 12. HP: 106/127 MP: 11/11
  1918 | D        | Killed a death yak
  1919 | D        | Reached skill level 18 in Fighting
  1922 | D        | Killed a death yak
  1928 | D        | Received a gift from Trog
  1955 | D        | HP: 6/128 [orc knight/+1 great mace of protection (21)]
  1957 | D        | HP: 2/128 [something (3)]
  1957 | D        | Annihilated by an orc knight

Illustrated notes

Levels and vault maps discovered:
D:        pitsprint [storerooms_1, entrance_room_1, metal_vault_4, armoury_1,
          mini_pit_1, grid_room_1, main_hall_1, silver_pit, the_coven_1,
          the_vestibule_1, steel_vault_3, golden_pit, hallway_of_sentries,
          crystal_vault_4, iron_vault_2, final_vault]

Skill      XL: |  1  2  3  4  5  6  7  8  9 10 11 12 |
---------------+-------------------------------------+-----
Fighting       | 4 6 8 9 10 11 13 15 17 18 | 18.3
Armour         | 4 7 8 10 11 13 14 17 | 17.6
Shields        | 4 7 8 9 10 11 12 13 | 13.3
Maces & Flails | 4 5 6 9 11 13 14 15 16 | 16.3
Dodging        | 2 3 4 5 6 |  6.6
Short Blades   | 3 7 11 15 16 | 16.2
Stealth        | 1 2 |  2.5

Action                     |  1- 3 |  4- 6 |  7- 9 | 10-12 || total
---------------------------+-------+-------+-------+-------++-------
  Melee: Mace              |     9 |    21 |       |       ||    30
         Flail             |     5 |    34 |     6 |       ||    45
         Headbutt          |     2 |    10 |    10 |    24 ||    46
         Great mace        |       |       |     6 |       ||     6
         Pair of quick bla |       |       |    37 |   163 ||   200
 Invoke: Berserk           |       |       |     3 |     4 ||     7
         Trog's Hand       |       |       |       |     2 ||     2
    Use: Potion            |       |       |       |     9 ||     9
 Armour: Scale mail        |     6 |    15 |       |       ||    21
         Plate armour      |       |    25 |    25 |   105 ||   155
  Dodge: Dodged            |     9 |    25 |    16 |    99 ||   149
  Block: Buckler           |     2 |    25 |     1 |       ||    28
